 Dungeon Crawl Stone Soup version 0.30-a0-946-gec5dcfc036 (webtiles) character file.

Game seed: 403830898807327984

242855 Dustman the Warrior (level 21, -5/172 HPs)
             Began as a Human Fighter on Mar 24, 2023.
             Was the Champion of Cheibriados.
             Slain by a vampire knight
             ... wielding a +0 great mace
              (7 damage)
             ... on level 3 of the Depths on Mar 26, 2023.
             The game lasted 04:17:22 (33241 turns).

Dustman the Warrior (Human Fighter)                Turns: 33241, Time: 04:17:23

Health: -5/172     AC: 32    Str: 44    XL:     21   Next: 7%
Magic:  30/30      EV: 25    Int: 29    God:    Cheibriados [******]
Gold:   2115       SH: 22    Dex: 32    Spells: 32/32 levels left

rFire   + . .      SeeInvis .    d - +7 scimitar of Archokh {protect, Stlth+}
rCold   + . .      Faith    .    i - +0 kite shield
rNeg    . . .      Spirit   .    Y - +0 gold dragon scales
rPois   +          Reflect  +    V - +1 hat {Will+}
rElec   +          Rampage  .    M - +2 cloak of the Scribe {rElec Int+3 Dex-2}
rCorr   .                        m - +0 pair of fencer's gloves {Riposte Dex+3}
Will    ++...                    y - +2 pair of boots "Puttia" {rElec Str+5 Int-4} Stlth
                                 F - amulet of reflection
HPRegen 0.48/turn                T - +6 ring of strength
MPRegen 0.22/turn                K - +5 ring of evasion

@: about to teleport, under a protective aura, very slow
A: no striking features
a: Renounce Religion, Bend Time, Temporal Distortion, Slouch, Step From Time


You were on level 3 of the Depths.
You worshipped Cheibriados.
Cheibriados was exalted by your worship.
You visited 7 branches of the dungeon, and saw 31 of its levels.
You visited the Abyss 1 time.
You also visited: Sewer and Gauntlet.

You collected 4161 gold pieces.
You spent 2046 gold pieces at shops.

Inventory:

Hand Weapons
 d - the +7 scimitar of Archokh (weapon) {protect, Stlth+}
   (You acquired it on level 4 of the Dungeon)

   Stlth:     It makes you more stealthy.
 u - a +3 scimitar of flaming
 U - a +5 heavy demon trident
Missiles
 f - 16 atropa-tipped darts
 G - 11 silver javelins
 H - 10 javelins
 I - 4 silver boomerangs (quivered)
 X - 4 curare-tipped darts
Armour
 i - a +0 kite shield (worn)
 m - the +0 pair of fencer's gloves (worn) {Riposte Dex+3}
   (You bought it in a shop on level 2 of the Elven Halls)

   Riposte:   It allows the wearer to riposte with melee weapons, swiftly
   retaliating against missed or blocked melee attacks.
   Dex:       It affects your dexterity (+3).
 y - the +2 pair of boots "Puttia" (worn) {rElec Str+5 Int-4}
   (You found it on level 3 of the Elven Halls)

   Str:       It affects your strength (+5).
   Int:       It affects your intelligence (-4).
   rElec:     It insulates you from electricity.
 M - the +2 cloak of the Scribe (worn) {rElec Int+3 Dex-2}
   (You found it in a Gauntlet)

   Int:       It affects your intelligence (+3).
   Dex:       It affects your dexterity (-2).
   rElec:     It insulates you from electricity.
 S - quicksilver dragon scales
 V - a +1 hat of willpower (worn)
 Y - +0 gold dragon scales (worn)
Jewellery
 a - a ring of flight
 b - a ring of resist corrosion
 F - an amulet of reflection (around neck)
 K - a +5 ring of evasion (right hand)
 R - an amulet of regeneration
 T - a +6 ring of strength (left hand)
Wands
 c - a wand of mindburst (21)
 w - a wand of polymorph (17)
 D - a wand of flame (45)
 J - a wand of quicksilver (15)
Scrolls
 e - 3 scrolls of fog
 h - a scroll of enchant weapon
 k - 7 scrolls of vulnerability
 n - 10 scrolls of teleportation
 o - a scroll of blinking
 r - 7 scrolls of magic mapping
 s - 8 scrolls of enchant armour
 t - a scroll of silence
 v - 4 scrolls of immolation
 L - 3 scrolls of butterflies
 Q - 17 scrolls of identify
 W - a scroll of fear
Potions
 g - 8 potions of mutation
 j - 2 potions of curing
 l - 8 potions of lignification
 p - 6 potions of cancellation
 q - a potion of resistance
 z - 3 potions of might
 A - 7 potions of brilliance
 C - 3 potions of flight
 O - a potion of magic
 P - 3 potions of attraction
Miscellaneous
 B - a lightning rod (4/4)
 E - a phial of floods


   Skills:
 + Level 16.6 Fighting
 - Level 16.0 Long Blades
 + Level 14.1 Throwing
 - Level 8.0 Armour
 + Level 14.2 Dodging
 - Level 8.0 Stealth
 + Level 14.2 Shields
 - Level 6.0 Spellcasting
 - Level 8.0 Invocations
 - Level 8.0 Evocations


You had 32 spell levels left.
You didn't know any spells.
Your spell library contained the following spells:

 Spells                   Type           Power      Damage    Failure   Level
 Apportation              Tloc           16%        N/A       75%         1
 Beastly Appendage        Tmut           16%        N/A       75%         1
 Magic Dart               Conj           32%        1d4       75%         1
 Necrotise                Necr           32%        1d5       75%         1
 Shock                    Conj/Air       32%        1d5       75%         1
 Sting                    Tmut/Pois      32%        1d4       75%         1
 Summon Small Mammal      Summ           32%        N/A       75%         1
 Blink                    Tloc           16%        N/A       86%         2
 Call Imp                 Summ           8%         N/A       86%         2
 Cigotuvi's Dreadful Rot  Necr/Pois/Air  16%        N/A       86%         2
 Lesser Beckoning         Tloc           16%        N/A       86%         2
 Momentum Strike          Conj/Tloc      16%        3d8       86%         2
 Poisonous Vapours        Pois/Air       16%        N/A       86%         2
 Scorch                   Fire           16%        2d5       86%         2
 Searing Ray              Conj           16%        2d5       86%         2
 Sublimation of Blood     Necr           8%         N/A       86%         2
 Wereblood                Tmut           8%         N/A       86%         2
 Call Canine Familiar     Summ           8%         N/A       98%         3
 Gell's Gravitas          Tloc           8%         N/A       98%         3
 Ozocubu's Armour         Ice            8%         N/A       98%         3
 Portal Projectile        Hex/Tloc       16%        N/A       98%         3
 Spider Form              Tmut/Pois      8%         N/A       98%         3
 Summon Guardian Golem    Hex/Summ       8%         N/A       98%         3
 Swiftness                Air            8%         N/A       98%         3
 Teleport Other           Tloc           8%         N/A       98%         3
 Tukima's Dance           Hex            8%         N/A       98%         3
 Airstrike                Air            4%         2d(1-17)  100%        4
 Dispel Undead            Necr           8%         3d8       100%        4
 Flame Wave               Conj/Fire      8%         2d5       100%        4
 Fulminant Prism          Conj/Hex       4%         3d5       100%        4
 Leda's Liquefaction      Hex/Erth       4%         N/A       100%        4
 Manifold Assault         Tloc           8%         N/A       100%        4
 Olgreb's Toxic Radiance  Pois           8%         N/A       100%        4
 Passage of Golubria      Tloc           8%         N/A       100%        4
 Summon Ice Beast         Ice/Summ       8%         N/A       100%        4
 Fireball                 Conj/Fire      4%         3d4       100%        5
 Freezing Cloud           Conj/Ice/Air   4%         6-21      100%        5
 Iskenderun's Battlesphe  Conj           8%         2d6       100%        5
 Lee's Rapid Deconstruct  Erth           4%         3d5*      100%        5
 Silence                  Hex/Air        4%         N/A       100%        5
 Summon Mana Viper        Hex/Summ       8%         N/A       100%        5
 Yara's Violent Unravell  Hex/Tmut       4%         3d4       100%        5
 Conjure Ball Lightning   Conj/Air       4%         3x3d6     100%        6
 Death Channel            Necr           4%         N/A       100%        6
 Dispersal                Tloc           4%         N/A       100%        6
 Simulacrum               Ice/Necr       4%         N/A       100%        6
 Summon Cactus Giant      Summ           4%         N/A       100%        6
 Malign Gateway           Summ/Tloc      4%         N/A       100%        7
 Orb of Destruction       Conj           4%         9d5       100%        7
 Ozocubu's Refrigeration  Ice            4%         4d8       100%        7
 Summon Hydra             Summ           4%         N/A       100%        7
 Borgnjor's Revivificati  Necr           4%         N/A       100%        8
 Disjunction              Tloc           4%         N/A       100%        8
 Ignition                 Fire           4%         3d4       100%        8
 Lehudib's Crystal Spear  Conj/Erth      4%         10d3      100%        8
 Necromutation            Tmut/Necr      4%         N/A       100%        8
 Summon Horrible Things   Summ           4%         N/A       100%        8
 Death's Door             Necr           4%         N/A       100%        9
 Polar Vortex             Ice            4%         N/A       100%        9


Dungeon Overview and Level Annotations

Branches:
Dungeon (15/15)            Temple (0/1) D:5            Lair (5/5) D:10
 Shoals (0/4) Lair:2       Spider (1/4) Lair:3        Slime (2/5) Lair:4
    Orc (2/2) D:9             Elf (3/3) Orc:2        Vaults (0/5) D:14
 Depths (3/4) D:15          Sewer (visited)         Gauntlet (visited)

Altars:
Cheibriados
Dithmenos
Hepliaklqana
Kikubaaqudgha
Nemelex Xobeh
Sif Muna
Trog
Uskayaw
Vehumet
Xom
Yredelemnul
Zin
Jiyva

Shops:
D:8 !   D:9 [   D:10 *   D:13 *   D:14 [   D:15 (   Orc:2 (?=(   Elf:2 ?([**
Elf:3 *   Depths:1 ::=

Portals:
Hell: Depths:1 Depths:2 Depths:3
Abyss: Depths:3
Pandemonium: Depths:2 Depths:3
Ziggurat: Depths:2
Trove: D:11 (give Singing Sword)

Annotations:
D:7 1 runed translucent door, Sermion's ghost, novice DsBe
Lair:4 1 runed translucent door, Wuzine's ghost, journeyman GrFE
Depths:1 3 runed translucent doors


Message History

You closely miss something. Something hits you but does no damage.
Something closely misses you.
You closely miss something.
You hear some strange, mumbled words.
You suddenly lose the ability to move!
Something hits you!! Something bites you.
Something draws strength from your injuries!
Something draws life force from you! Something hits you but does no damage.
Something bites you but does no damage. Something hits you!
Something bites you but does no damage. Something hits you but does no damage.
Something bites you.
Something draws strength from your injuries!
Something hits you!! Something bites you but does no damage.
Something completely misses you. Something bites you but does no damage.
Something hits you! Something bites you but does no damage.
You can move again.
Aiming: Quicksilver Bolt
Press: ? - help, Shift-Dir - straight line Something draws life force from you!!
* * * LOW HITPOINT WARNING * * *
Something hits you but does no damage. Something bites you but does no damage.
As you read the scroll of teleportation, it crumbles to dust.
You feel strangely unstable. You block something's attack. Something bites you!
* * * LOW HITPOINT WARNING * * *
Something draws strength from your injuries!
You can't see any enemies this would affect, really read the scroll of fear?
As you read the scroll of fear, it crumbles to dust.
You assume a fearsome visage.
Nothing appears to happen.
Something closely misses you. Something bites you but does no damage.
Something draws life force from you!!
* * * LOW HITPOINT WARNING * * *
You feel better. Something hits you!!
* * * LOW HITPOINT WARNING * * *
Something bites you but does no damage.
You hit something but do no damage.
Your weapon exudes an aura of protection.
Something hits you!
* * * LOW HITPOINT WARNING * * *
Something bites you!
You die...

#...# #..#.#..∩#.
########.# #...#.#....
.........# ##.#.#.#...
.........#####...#.#....
.........#......#.#...#.
#........#..............
###......#..............
##.....#..............
##..@.#..............
#..{.#......###.###.
##...####.#...#.#...
#...# #.#.###.#.#. #...#
#.#.#.....#. #...#
#.#.#.#.###. #.#.#
#.#......... #...#
#.#.#.#.###.
#...#.....#.


There were no monsters in sight!

Vanquished Creatures
  Saint Roka (Elf:2)
  A lich (Depths:2)
  3 deep elf blademasters
  Asterion (Lair:3)
  3 deep elf master archers (Elf:3)
  A quicksilver dragon (Depths:2)
  2 sphinxes
  2 tentacled starspawn (Abyss:2)
  A storm dragon (Depths:2)
  Kirke (D:13)
  2 fire giants
  4 frost giants
  An emperor scorpion (Spider:1)
  9 deep elf sorcerers
  2 deep elf elementalists (Elf:3)
  A juggernaut zombie (Depths:2)
  A reaper (Depths:2)
  4 spriggan defenders
  9 stone giants
  8 very ugly things
  A vampire knight (Depths:2)
  7 deep elf demonologists
  10 deep elf annihilators
  4 spark wasps
  A minotaur (Gauntlet)
  4 deep elf death magi
  2 merfolk javelineers (Depths:1)
  3 fire dragons (Depths:2)
  5 ettins
  Snorg (Orc:1)
  5 ice dragons
  3 jiangshi (Depths:2)
  3 great orbs of eyes
  Fannar (D:10)
  6 deep elf high priests
  A rakshasa (Depths:2)
  Erolcha (Orc:2)
  7 hydras
  A catoblepas (Lair:5)
  3 boulder beetles
  A radroach (Spider:1)
  A two-headed ogre (shapeshifter) (Elf:2)
  2 ogre magi (Orc:2)
  2 spriggan air magi (Depths:2)
  5 centaur warriors
  26 dancing weapons
  2 two-headed ogres
  8 deep troll earth magi
  5 deep troll shamans
  3 death yaks (Lair:5)
  A spriggan berserker (Depths:2)
  2 hell hogs (Depths:2)
  6 tengu warriors
  2 orc high priests
  4 thrashing horrors
  A vampire mage (Depths:2)
  17 deep elf knights
  Nergalle (Orc:2)
  10 hell knights
  2 salamander mystics (Depths:2)
  Amaemon (Lair:3)
  3 iron trolls
  A storm dragon skeleton (Depths:2)
  14 deep trolls
  An orange crystal statue (Elf:2)
  A glowing orange brain (Depths:2)
  A spriggan simulacrum (Depths:2)
  3 lindwurms (Lair:5)
  A death drake (shapeshifter) (D:10)
  19 deep elf archers
  A golden dragon skeleton (Depths:2)
  11 starcursed masses (Abyss:2)
  3 wizards
  20 deep elf pyromancers
  A sphinx zombie (Depths:2)
  23 deep elf zephyrmancers
  6 necromancers
  2 orc knights
  2 oklob plants
  4 wolf spiders
  7 orc sorcerers
  A frost giant zombie (Depths:2)
  25 ugly things
  4 cyclopes
  5 salamanders (Depths:2)
  5 manticores
  2 sphinx skeletons (Depths:2)
  A salamander (shapeshifter) (Elf:3)
  14 elephants
  A naga mage (D:15)
  An iron dragon skeleton (Depths:2)
  3 black mambas
  A centaur zombie (D:15)
  2 smoke demons
  2 orange demons
  8 cane toads
  A yaktaur (D:15)
  2 torpor snails (Lair:5)
  A hellion (Depths:3)
  3 rime drakes
  2 centaur skeletons (D:15)
  2 kobold demonologists
  3 tengu conjurers
  An efreet (D:13)
  8 komodo dragons
  6 trolls
  A golden dragon simulacrum (Depths:2)
  A red devil (Depths:3)
  A polar bear (Lair:4)
  A shadow dragon simulacrum (Depths:2)
  9 hornets
  A hornet (shapeshifter) (D:15)
  A sphinx simulacrum (Depths:2)
  A snapping turtle (Lair:2)
  4 tarantellas
  15 blink frogs
  A tengu simulacrum (Depths:2)
  13 dream sheep
  43 slime creatures
  An air elemental (Elf:1)
  4 shadows
  19 water elementals
  A centaur simulacrum (D:15)
  8 spriggans
  2 vampires (D:12)
  2 culicivoras
  A wraith (D:9)
  2 ynoxinuls
  52 yaks
  4 wyverns
  A fire elemental (Elf:1)
  7 basilisks
  A steam dragon (shapeshifter) (Elf:1)
  4 steam dragons
  Grum (D:8)
  2 humans (D:13)
  5 redbacks
  A large abomination (Abyss:2)
  14 vampire mosquitoes
  A glowing shapeshifter zombie (Depths:2)
  7 water moccasins
  5 wargs
  2 acid dragons
  A floating eye (Depths:3)
  2 ice beasts
  25 orc warriors
  4 black bears
  2 sky beasts
  5 centaurs
  8 ogres
  3 wolves
  2 kobold brigands
  19 bullfrogs
  5 necrophages (Lair:3)
  9 earth elementals
  2 gnoll sergeants
  11 scorpions
  3 wights (D:8)
  2 killer bees
  8 electric eels
  11 howler monkeys
  5 lava snakes
  3 hounds (D:6)
  4 small abominations
  3 jellies
  11 orc priests
  A gnoll bouda (D:5)
  An iron imp (Abyss:2)
  5 iguanas
  19 hell rats
  38 orc wizards
  A statue (D:7)
  Robin (D:3)
  11 gnolls
  17 adders
  A shadow imp (D:8)
  3 white imps
  An ufetubus (D:7)
  5 worms
  2 dart slugs
  82 orcs
  12 ball pythons
  3 bats
  8 endoplasms
  19 giant cockroaches
  15 goblins
  4 hobgoblins
  8 quokkas
  11 frilled lizards
  12 kobolds
  4 rats
  2 starspawn tentacles (Abyss:2)
1129 creatures vanquished.

Vanquished Creatures (collateral kills)
  A centaur warrior (D:14)
  A boulder beetle (Lair:1)
  2 ugly things (D:15)
  A bullfrog (Lair:1)
  2 orcs
7 creatures vanquished.

Vanquished Creatures (others)
  A wizard (D:10)
  4 deep elf pyromancers
  A deep elf zephyrmancer (Elf:2)
  An ugly thing (D:15)
  Maurice (D:10)
  A cane toad (Lair:1)
  An orc priest (D:9)
  An orc wizard (D:9)
  2 orcs
  12 demonic plants (Gauntlet)
  22 fungi
  180 plants
  2 starspawn tentacles (Abyss:2)
229 creatures vanquished.

Grand Total: 1365 creatures vanquished

Notes
Turn   | Place    | Note
-------+----------+-------------------------------------------
     0 | D:1      | Dustman the Human Fighter began the quest for the Orb.
     0 | D:1      | Reached XP level 1. HP: 18/18 MP: 1/1
   374 | D:1      | Reached XP level 2. HP: 23/24 MP: 2/2
  1441 | D:2      | Reached XP level 3. HP: 29/29 MP: 3/3
  1486 | D:2      | Reached XP level 4. HP: 19/36 MP: 4/4
  1714 | D:2      | Found a snail-covered altar of Cheibriados.
  1741 | D:2      | Became a worshipper of Cheibriados the Contemplative
  2142 | D:3      | Reached XP level 5. HP: 42/42 MP: 5/5
  2168 | D:3      | Noticed Robin
  2312 | D:3      | Reached * piety under Cheibriados
  2333 | D:3      | Killed Robin
  2352 | D:3      | Found a glowing drain.
  2379 | Sewer    | Entered a sewer
  2490 | Sewer    | Reached ** piety under Cheibriados
  2594 | Sewer    | Reached XP level 6. HP: 48/48 MP: 6/6
  2636 | Sewer    | Reached skill level 5 in Long Blades
  2663 | Sewer    | Reached *** piety under Cheibriados
  2712 | Sewer    | Reached XP level 7. HP: 19/55 MP: 0/7
  3254 | D:4      | Identified a scroll of acquirement
  3254 | D:4      | Acquired the +7 scimitar of Archokh {protect, Stlth+}
  3323 | D:4      | Reached skill level 5 in Fighting
  3417 | D:4      | Reached **** piety under Cheibriados
  3835 | D:5      | Entered Level 5 of the Dungeon
  3886 | D:5      | Reached XP level 8. HP: 63/63 MP: 8/8
  3931 | D:5      | Reached skill level 1 in Stealth
  3985 | D:5      | Reached skill level 1 in Dodging
  4212 | D:5      | Reached ***** piety under Cheibriados
  4223 | D:5      | Found a staircase to the Ecumenical Temple.
  4330 | D:5      | Identified the +7 trident "Nakor" {venom, rC++ Will+ Int+2
                  | Dex+3}
  4499 | D:6      | Reached XP level 9. HP: 69/69 MP: 9/9
  4561 | D:6      | Found a glowing silver altar of Zin.
  5222 | D:7      | Found a radiant altar of Vehumet.
  5599 | D:7      | Reached XP level 10. HP: 72/79 MP: 10/10
  5601 | D:7      | Reached skill level 5 in Stealth
  5802 | D:7      | Found a runed translucent door.
  5803 | D:7      | Noticed Sermion's ghost (novice DsBe)
  5972 | D:8      | Reached skill level 10 in Long Blades
  6057 | D:8      | Found Loph's Distillery.
  6063 | D:8      | Bought 2 potions of might for 128 gold pieces
  6176 | D:8      | Reached skill level 5 in Dodging
  6210 | D:8      | Identified the +3 leather armour of Harghecagh {rN+ Will+
                  | Int-4}
  6564 | D:8      | Found a sparkling altar of Nemelex Xobeh.
  6651 | D:8      | Found a hazy altar of Hepliaklqana.
  6707 | D:8      | Found a bloodstained altar of Trog.
  6712 | D:8      | Found a basalt altar of Yredelemnul.
  6718 | D:8      | Found a hide-covered altar of Uskayaw.
  6749 | D:8      | Noticed Grum
  6775 | D:8      | Killed Grum
  6787 | D:9      | Noticed a two-headed ogre
  6798 | D:9      | Killed a two-headed ogre
  6798 | D:9      | Reached ****** piety under Cheibriados
  6861 | D:9      | Reached XP level 11. HP: 86/86 MP: 11/11
  6876 | D:9      | Found a staircase to the Orcish Mines.
  6876 | D:9      | Found Uradir's Armour Emporium.
  7100 | D:9      | Upgraded the game from 0.30-a0-937-ga0a21ad780 to
                  | 0.30-a0-939-gc8157cb160
  7365 | D:9      | Found an ancient bone altar of Kikubaaqudgha.
  7691 | D:10     | Entered Level 10 of the Dungeon
  7696 | D:10     | Reached skill level 1 in Invocations
  7746 | D:10     | Acquired the +1 pair of gloves of the Ecumenical Temple
                  | {Int+2}
  7785 | D:10     | Reached skill level 1 in Throwing
  7785 | D:10     | Reached skill level 1 in Evocations
  7827 | D:10     | Found a staircase to the Lair.
  7902 | D:10     | Noticed a centaur warrior
  7902 | D:10     | Noticed a wolf spider
  7902 | D:10     | Noticed a wizard
  7908 | D:10     | Killed a centaur warrior
  7911 | D:10     | Noticed Fannar
  7919 | D:10     | Killed a wolf spider
  8076 | D:10     | Noticed a centaur warrior
  8082 | D:10     | Killed a centaur warrior
  8091 | D:10     | Killed a wizard
  8171 | D:10     | Killed Fannar
  8172 | D:10     | Reached XP level 12. HP: 95/95 MP: 12/14
  8206 | D:10     | Noticed a death drake
  8218 | D:10     | Killed a death drake
  8595 | D:10     | Found Tuokirou's Assorted Antiques.
  8669 | D:10     | Noticed Maurice
  8684 | D:10     | Killed Maurice
  8876 | Lair:1   | Entered Level 1 of the Lair of Beasts
  9130 | Lair:1   | Identified the +3 war axe "Xosu" {flame, rPois rF+}
  9367 | Lair:2   | Found a staircase to the Shoals.
  9400 | Lair:2   | Identified the +1 cloak of the Worm {Int+6}
  9420 | Lair:2   | Reached skill level 5 in Shields
  9439 | Lair:2   | Reached skill level 5 in Armour
  9583 | Lair:2   | Identified the +7 hand axe of the Dwarven Hall {protect,
                  | rPois rCorr Dex-4}
  9744 | Lair:2   | Reached XP level 13. HP: 64/102 MP: 16/16
  9962 | Lair:2   | Reached skill level 5 in Invocations
 10183 | Lair:1   | Reached skill level 10 in Fighting
 10247 | Lair:1   | Reached skill level 5 in Throwing
 10247 | Lair:1   | Reached skill level 5 in Evocations
 10828 | Lair:3   | Noticed a four-headed hydra
 10838 | Lair:3   | Killed a one-headed hydra
 10876 | Lair:3   | Noticed a six-headed hydra
 10890 | Lair:3   | Killed a three-headed hydra
 11068 | Lair:3   | Noticed Amaemon
 11076 | Lair:3   | You fall into a shaft and drop 1 floor!
 11092 | Lair:4   | Found a runed translucent door.
 11093 | Lair:4   | Noticed Wuzine's ghost (journeyman GrFE)
 11169 | Lair:4   | Found a staircase to the Slime Pits.
 11171 | Lair:4   | Found a viscous altar of Jiyva.
 11426 | Lair:4   | Noticed a six-headed hydra
 11427 | Lair:4   | Noticed a seven-headed hydra
 11453 | Lair:4   | Reached XP level 14. HP: 111/111 MP: 19/19
 11995 | Lair:5   | Entered Level 5 of the Lair of Beasts
 12804 | Lair:5   | Got Badeerac's Folio of the Blaze and Amathomancy
 13138 | Lair:5   | Identified the +10 short sword of Falibbue {drain, +Blink}
 13376 | Lair:3   | Found a hole to the Spider Nest.
 13561 | Lair:3   | Killed Amaemon
 13817 | Orc:1    | Entered Level 1 of the Orcish Mines
 13876 | Orc:1    | Noticed Snorg
 13909 | Orc:1    | Killed Snorg
 13991 | Orc:2    | Entered Level 2 of the Orcish Mines
 13995 | Orc:2    | Found a staircase to the Elven Halls.
 14040 | Orc:2    | Reached skill level 1 in Spellcasting
 14077 | Orc:2    | Reached XP level 15. HP: 85/119 MP: 21/21
 14729 | Orc:2    | Noticed Erolcha
 14741 | Orc:2    | Killed Erolcha
 14749 | Orc:2    | Noticed Nergalle
 14764 | Orc:2    | Killed Nergalle
 14859 | Orc:2    | Found Mimat's Jewellery Emporium.
 14870 | Orc:2    | Found an ancient bone altar of Kikubaaqudgha.
 14900 | Orc:2    | Found a radiant altar of Vehumet.
 14929 | Orc:2    | Found Horphathe's Magic Scroll Shoppe.
 14934 | Orc:2    | Found Noicruh's Antique Weapon Shoppe.
 14937 | Orc:2    | Bought a scroll of enchant armour for 75 gold pieces
 14937 | Orc:2    | Bought 2 scrolls of teleportation for 60 gold pieces
 14985 | Orc:2    | Found Imuraink's Antique Weapon Shoppe.
 15352 | Slime:1  | Entered Level 1 of the Pits of Slime
 15435 | Slime:2  | Noticed a rockslime
 15473 | Spider:1 | Entered Level 1 of the Spider Nest
 15477 | Spider:1 | Noticed Asterion
 15828 | Lair:3   | Noticed an Executioner
 15829 | Lair:3   | Killed Asterion
 16022 | Spider:1 | Noticed an emperor scorpion
 16045 | Spider:1 | Killed an emperor scorpion
 16341 | D:11     | Found a portal to a secret trove of treasure.
 16415 | D:11     | Found a gate leading to a gauntlet.
 16424 | Gauntlet | Entered a Gauntlet
 16424 | Gauntlet | Found a transporter.
 16424 | Gauntlet | Found a transporter.
 16424 | Gauntlet | Found a transporter.
 16425 | Gauntlet | Found a transporter.
 16428 | Gauntlet | Found a transporter.
 16446 | Gauntlet | Found a transporter.
 16459 | Gauntlet | Found a transporter.
 16465 | Gauntlet | Found a transporter.
 16493 | Gauntlet | Found a transporter.
 16495 | Gauntlet | Found a transporter.
 16500 | Gauntlet | Found a transporter.
 16557 | Gauntlet | Found a transporter.
 16735 | Gauntlet | Paralysed by a great orb of eyes for 3 turns
 16759 | Gauntlet | Identified the +2 cloak of the Scribe {rElec Int+3 Dex-2}
 16824 | Gauntlet | Got the Incunabulum of Convocation
 16829 | Gauntlet | Identified the +0 robe of Summertime {Harm rPois Dex+3}
 16832 | Gauntlet | Identified the +0 kite shield "Aghoanun" {Rampage Str+4
                  | Dex+5}
 18161 | D:13     | Noticed Kirke
 18359 | D:13     | Found Omopec's General Store.
 18372 | D:13     | Bought a scroll of teleportation for 36 gold pieces
 18624 | D:13     | Killed Kirke
 18869 | D:14     | Reached XP level 16. HP: 129/129 MP: 22/22
 19031 | D:14     | Found a shadowy altar of Dithmenos.
 19119 | D:14     | Found a gate to the Vaults.
 19589 | D:14     | Found Yvvao's Superior Scales.
 19624 | D:14     | Reached skill level 5 in Spellcasting
 19874 | D:15     | Entered Level 15 of the Dungeon
 20143 | D:15     | Found Araxuafoat's Antique Weapon Shoppe.
 20153 | D:15     | Bought a scorched demon blade for 500 gold pieces
 20153 | D:15     | Identified the +9 demon blade "Trog's Indignation" {pain,
                  | *Corrode rF++ Dex+3} (You bought it in a shop on level 15
                  | of the Dungeon)
 20293 | D:15     | Found a shimmering blue altar of Sif Muna.
 20964 | D:15     | Found a staircase to the Depths.
 21149 | Depths:1 | Entered Level 1 of the Depths
 21351 | Depths:1 | Noticed a frost giant
 21359 | Depths:1 | Killed a frost giant
 21677 | Elf:1    | Entered Level 1 of the Elven Halls
 21808 | Elf:1    | Reached skill level 10 in Shields
 21813 | Elf:1    | Reached skill level 10 in Dodging
 21826 | Elf:1    | Reached XP level 17. HP: 120/137 MP: 26/26
 22158 | Elf:1    | Paralysed by an air elemental for 1 turns
 22182 | Elf:1    | Reached skill level 10 in Throwing
 22548 | Elf:1    | Noticed an Executioner
 22938 | Elf:2    | Found Amotsaw's Antique Weapon Shoppe.
 23084 | Elf:2    | Found Niall's Armour Shoppe.
 23153 | Elf:2    | Bought the +0 pair of fencer's gloves {Riposte Dex+3} for
                  | 800 gold pieces
 23153 | Elf:2    | Found the +0 pair of fencer's gloves {Riposte Dex+3}
 23162 | Elf:2    | Found Koleojuj's Assorted Antiques.
 23220 | Elf:2    | Bought a scroll of teleportation for 90 gold pieces
 23220 | Elf:2    | Bought a scroll of poison for 120 gold pieces
 23220 | Elf:2    | Bought an orange potion for 27 gold pieces
 23322 | Elf:2    | Found a runed translucent gate.
 23322 | Elf:2    | Found a runed translucent gate.
 23322 | Elf:2    | Found a runed translucent gate.
 23430 | Elf:2    | Found Nymna's Assorted Antiques.
 23492 | Elf:2    | Identified the +9 spear of Resumed Hostilities {venom,
                  | Will- Int+8 SInv}
 23811 | Elf:2    | Found Untefaoc's Magic Scroll Boutique.
 23885 | Elf:2    | Bought a scroll of blinking for 105 gold pieces
 23885 | Elf:2    | Bought a scroll of blinking for 105 gold pieces
 24417 | Elf:2    | Noticed a deep elf blademaster
 24447 | Elf:2    | Reached XP level 18. HP: 68/146 MP: 25/27
 24462 | Elf:2    | Killed a deep elf blademaster
 25020 | Elf:3    | Entered Level 3 of the Elven Halls
 25033 | Elf:3    | Noticed a Brimstone Fiend
 25079 | Elf:3    | Noticed Saint Roka
 25185 | Elf:3    | Noticed an Ice Fiend
 25236 | Elf:3    | Found Jerykh's Assorted Antiques.
 25244 | Elf:3    | Identified the +7 battleaxe "Asith" {vamp, rElec rF-
                  | Will++}
 25265 | Elf:3    | Noticed a deep elf blademaster
 25577 | Elf:3    | Identified the staff of air "Apuenk" {rElec rC+ Will- rCorr
                  | Dex+3}
 25598 | Elf:3    | Noticed a deep elf master archer
 25827 | Elf:3    | Identified the ring of Uhisur {rF+ MP+9 Dex-5 Slay+3}
 25916 | Elf:2    | Killed Saint Roka
 26270 | Elf:2    | Noticed a Tzitzimitl
 26344 | Elf:3    | Killed a deep elf master archer
 26357 | Elf:3    | Noticed a deep elf master archer
 26362 | Elf:3    | Killed a deep elf master archer
 26445 | Elf:3    | Noticed a deep elf master archer
 26449 | Elf:3    | Identified the +12 broad axe of Blood {holy, *Noise rPois
                  | rF+}
 26708 | Elf:3    | Noticed a deep elf blademaster
 26726 | Elf:3    | Killed a deep elf blademaster
 26889 | Abyss:2  | Cast into level 2 of the Abyss (a deep elf sorcerer)
 26916 | Abyss:2  | Found a corrupted altar of Lugonu.
 27057 | Abyss:2  | Reached XP level 19. HP: 139/154 MP: 28/28
 27076 | Abyss:2  | Reached skill level 15 in Fighting
 27182 | Elf:3    | Escaped the Abyss
 27193 | Elf:3    | Killed a deep elf blademaster
 27550 | Elf:3    | Reached skill level 15 in Long Blades
 27613 | Elf:3    | Identified the scarf of the Thistle {shadows, Str+6}
 27618 | Elf:3    | Identified the staff of fire "Erphatergh" {rF+ Int+2
                  | Stlth+}
 27619 | Elf:3    | Identified the +2 pair of boots "Puttia" {rElec Str+5
                  | Int-4}
 27624 | Elf:3    | Identified the staff of conjuration "Resyol" {Will++}
 28281 | D:12     | Upgraded the game from 0.30-a0-939-gc8157cb160 to
                  | 0.30-a0-946-gec5dcfc036
 28929 | Depths:1 | Found a gateway to Hell.
 29416 | Depths:1 | Found a hide-covered altar of Uskayaw.
 29418 | Depths:1 | Found a shadowy altar of Dithmenos.
 29418 | Depths:1 | Found an ornate altar of the Wu Jian Council.
 29420 | Depths:1 | Found a shimmering altar of Xom.
 29420 | Depths:1 | Found an ornate altar of the Wu Jian Council.
 29420 | Depths:1 | Found a radiant altar of Vehumet.
 29504 | Depths:1 | Found Orionli's Jewellery Emporium.
 29504 | Depths:1 | Found Nyely's Book Shop.
 29505 | Depths:1 | Found Womna's Book Shop.
 29653 | Depths:1 | Found a runed translucent gate.
 29653 | Depths:1 | Found a runed translucent gate.
 29653 | Depths:1 | Found a runed translucent gate.
 29653 | Depths:1 | Noticed a tentacled monstrosity
 29653 | Depths:1 | Noticed a tentacled monstrosity
 29653 | Depths:1 | Noticed a tentacled monstrosity
 29658 | Depths:1 | Noticed a tentacled monstrosity
 29819 | Depths:2 | Found a one-way gateway to a ziggurat.
 30209 | Depths:2 | Found a one-way gate leading to the halls of Pandemonium.
 30237 | Depths:2 | Reached XP level 20. HP: 162/164 MP: 29/29
 32572 | Depths:3 | Paralysed by a floating eye for 4 turns
 32679 | Depths:3 | Found a one-way gate to the infinite horrors of the Abyss.
 33013 | Depths:3 | Reached XP level 21. HP: 108/172 MP: 25/30
 33231 | Depths:3 | Paralysed by something for 5 turns
 33241 | Depths:3 | HP: 2/172 [something (14)]
 33241 | Depths:3 | Slain by a vampire knight

Illustrated notes

Levels and vault maps discovered:
D:1:      dpeg_arrival_renting, layout_basic
D:2:      layout_loops_corners, basic_altar, nicolae_elevator_lobby_asterisk
D:3:      layout_rooms, portal_sewer_entry_f, grunt_decor_cap, uniq_robin
D:4:      layout_loops_ring
D:5:      layout_gridville, temple_hall
D:6:      layout_basic, zin_academy
D:7:      kennysheep_spiral_hall, layout_loops_ring, vehumet_statue,
          ebering_ghost_reflecting_pool, roderic_malta_cross
D:8:      layout_basic, grunt_temple_overflow_diamond,
          mainiacjoe_overflow_brackets, nicolae_overflow_hidden_temple,
          serial_shops, nicolae_shop_trees, kennysheep_cross_room, uniq_grum
D:9:      layout_stronghold, mainiacjoe_overflow_alcove_4, orc_david_3,
          grunt_tough_drop
D:10:     minmay_the_grid_plus_closed [minmay_the_grid_diamond_grid,
          minmay_the_grid_tree, minmay_the_grid_aliased_spiral,
          minmay_the_grid_paths, minmay_the_grid_prize_big_room], layout_rooms,
          serial_shops, shop, uniq_fannar, uniq_maurice
D:11:     minmay_spotlight, layout_rooms, gauntlet_entry_generic, enter_trove_1
D:12:     layout_roguey
D:13:     layout_basic, serial_shops, nicolae_stop_n_shop_1, uniq_kirke
D:14:     layout_roguey, erik_vaults_1, nicolae_dithmenos_the_darkroom,
          hellmonk_scale_shop
D:15:     grunt_enter_depths_magical_seal, layout_cave_pools, serial_shops,
          nicolae_shop_behind_doors, chequers_serial_rivers_micro_b,
          nicolae_sif_muna_little_library
Lair:1:   layout_small_grid
Lair:2:   layout_layer_cave, minmay_shoals_entry_hut,
          nicolae_lair_liquid_snakes, serial_bayou_shore_a,
          infiniplex_staircase_pool_2
Lair:3:   layout_roguey, nicolae_spider_entry_non_spiders,
          chequers_serial_rivers_marsh, roderic_carrion_pond, uniq_amaemon
Lair:4:   layout_cave_pods, minmay_slime_entry_pillars, gammafunk_ghost_grave,
          grunt_megastairs_3
Lair:5:   hangedman_lair_in_review, layout_gridlike
Spider:1: nicolae_spider_broodchamber, nicolae_spider_spiderdrome, uniq_asterion
Slime:1:  layout_caves, nicolae_slime_barrier,
          cheibrodos_slime_lost_civilization_5
Slime:2:  nicolae_slime_jelly_donut, layout_caves
Orc:1:    layout_caves, uniq_snorg
Orc:2:    kennysheep_orc_mage_school, layout_caves
Elf:1:    eino_elf_arrival_the_gate, layout_geoelf_octagon, minivault_28
Elf:2:    elven_hall_of_blades_hangedman_original [grunt_blade_entry_basic],
          layout_geoelf_grid, serial_shops, nicolae_shop_overgrown_old_shop,
          nicolae_shop_behind_doors, nicolae_stop_n_shop_1,
          nicolae_lakefront_shop, nicolae_shop_stone, minivault_15
Elf:3:    minmay_elf_hall_quartered_circle, layout_loops_ring, serial_shops,
          nicolae_shop_waterfront, uniq_saint_roka
Depths:1: layout_gridlike, serial_bayou, serial_bayou_lagoon_a,
          serial_bayou_pond_b, serial_bayou_pond_c, serial_bayou_pond_e,
          doesnt_xom_only_xom, ploomutoo_gammafunk_ghost_potion_laboratory,
          hangedman_coc_ice_floe, minislime_mu, minmay_shop_grove
Depths:2: grunt_deathspiral_small, layout_basic, enter_ziggurat_d,
          kennysheep_pointless_box, pan_entry, serial_glass, glass_columns_a,
          glass_columns_b, glass_columns_a, glass_columns_a, hellmouth_1
Depths:3: minmay_broken_ring, layout_long_grid, serial_bayou,
          serial_bayou_pond_d, serial_bayou_pond_c, serial_bayou_lake_a,
          serial_bayou_lagoon_b, serial_bayou_pond_e, serial_bayou_pond_d,
          rand_demon_pan_entry_3, minmay_misc_feat_roman, abyss_entry,
          grunt_hell_entry_dis_grunt, grunt_decor_resistance,
          minmay_staircase_bubble, serial_bayou_shore_b

Skill      XL: |  1  2  3  4  5  6  7  8  9 10 11 12 13 14 15 16 17 18 19 20 |
---------------+-------------------------------------------------------------+-----
Long Blades    | 3 4 5 6 8 9 10 11 12 13 14 15 16 | 16.0
Fighting       | 4 5 6 7 8 9 10 11 12 13 14 15 16 | 16.6
Stealth        | 3 4 6 7 8 |  8.0
Dodging        | 2 4 5 7 8 10 11 12 13 14 | 14.2
Invocations    | 2 4 6 8 |  8.0
Throwing       | 2 4 6 7 8 9 10 12 13 14 | 14.1
Evocations     | 2 4 6 7 8 |  8.0
Shields        | 4 5 7 8 10 11 12 13 14 | 14.2
Armour         | 4 5 6 8 |  8.0
Spellcasting   | 1 4 6 |  6.0

Action                     |  1- 3 |  4- 6 |  7- 9 | 10-12 | 13-15 | 16-18 | 19-21 || total
---------------------------+-------+-------+-------+-------+-------+-------+-------++-------
  Melee: Long sword        |    80 |   240 |    46 |       |       |       |       ||   366
         Scimitar          |       |       |   180 |   426 |  1041 |  1086 |   845 ||  3578
         War axe           |       |       |       |       |    22 |       |       ||    22
  Throw: Dart              |       |     3 |     2 |     2 |       |     4 |    10 ||    21
         Boomerang         |       |       |     5 |    52 |   151 |    83 |    47 ||   338
         Javelin           |       |       |     1 |     3 |     7 |    49 |    63 ||   123
 Invoke: Bend Time         |       |     2 |       |       |     1 |     6 |     4 ||    13
         Slouch            |       |       |       |       |     1 |     4 |     3 ||     8
  Evoke: Wand              |       |       |       |     7 |    18 |    10 |    10 ||    45
         Lightning rod     |       |       |       |       |       |     4 |     4 ||     8
    Use: Potion            |       |     3 |       |     4 |    10 |    13 |     4 ||    34
         Scroll            |       |     4 |     8 |    16 |     6 |    18 |     8 ||    60
   Stab: Sleeping          |       |       |     7 |     5 |    10 |     6 |       ||    28
         Distracted        |       |       |       |     3 |     5 |     3 |     2 ||    13
         Invisible         |       |       |       |     2 |     5 |     2 |     8 ||    17
 Armour: Scale mail        |    38 |   138 |   108 |   141 |   347 |   298 |    11 ||  1081
         Gold dragon scale |       |       |       |       |       |       |   167 ||   167
  Dodge: Dodged            |    31 |   118 |    94 |   216 |   652 |   547 |   398 ||  2056
  Block: Buckler           |    18 |    66 |    60 |   257 |   473 |       |       ||   874
         Reflection        |       |       |       |     7 |    19 |   105 |    30 ||   161
         Kite shield       |       |       |       |       |   332 |  1005 |   724 ||  2061
Riposte: Scimitar          |       |       |       |       |       |   130 |   277 ||   407

Table legend: (Time is in decaauts)
 A = Elapsed time spent in this place.
 B = Non-inter-level travel time spent in this place.
 C = Inter-level travel time spent in this place.
 D = Time resting spent in this place.
 E = Time spent auto-exploring this place.
 F = Levels seen in this place.
 G = Mean time per level.
                   A        B        C        D        E       F      G
               +--------+--------+--------+--------+--------+-----+--------+
         Total |  50494 |  47444 |   3050 |   4257 |  19272 |  34 | 1485.1 |
       Dungeon |  21427 |  19618 |   1809 |    548 |  11269 |  15 | 1428.5 |
          Lair |   8811 |   8098 |    713 |    702 |   3219 |   5 | 1762.2 |
   Spider Nest |    266 |    266 |      0 |    120 |     14 |   1 |  266.0 |
    Slime Pits |    143 |    143 |      0 |      0 |      0 |   2 |   71.5 |
  Orcish Mines |   2324 |   2213 |    111 |    100 |    361 |   2 | 1162.0 |
   Elven Halls |   8704 |   8404 |    300 |   1716 |   2117 |   3 | 2901.3 |
        Depths |   7087 |   6971 |    116 |   1043 |   2290 |   3 | 2362.3 |
         Abyss |    438 |    438 |      0 |     27 |      0 |   1 |  438.0 |
         Sewer |    565 |    565 |      0 |      0 |      0 |   1 |  565.0 |
      Gauntlet |    728 |    728 |      0 |      0 |      0 |   1 |  728.0 |
               +--------+--------+--------+--------+--------+-----+--------+

Top non-repeatable levels by time:
   Elf:2: 4055 daAuts
Depths:2: 2821 daAuts
   Elf:3: 2786 daAuts
  Lair:2: 2294 daAuts
Depths:1: 2261 daAuts
    D:10: 2034 daAuts
Depths:3: 2003 daAuts
  Lair:5: 1961 daAuts
    D:15: 1918 daAuts
    D:14: 1910 daAuts
     D:9: 1907 daAuts
   Elf:1: 1862 daAuts
  Lair:4: 1657 daAuts
    D:13: 1644 daAuts
   Orc:2: 1637 daAuts
